 Dungeon Crawl Stone Soup version 0.27.1 (webtiles) character file.

Game seed: 4515277792273240065

499 Ishikawa the Slasher (level 6, -9/49 HPs)
             Began as a Demonspawn Chaos Knight on Aug 24, 2021.
             Was a Plaything of Xom.
             Mangled by a two-headed ogre (14 damage)
             ... on level 5 of the Dungeon.
             The game lasted 00:11:28 (3907 turns).

Ishikawa the Slasher (Demonspawn Chaos Knight)      Turns: 3907, Time: 00:11:28

Health: -9/49      AC: 14    Str: 16    XL:     6   Next: 94%
Magic:  8/8        EV: 11    Int: 20    God:    Xom [.....*]
Gold:   183        SH:  4    Dex: 14    Spells: 8/8 levels left

rFire    + . .     SeeInvis +   a - +1 falchion (chaos)
rCold    x . .     Faith    .   (no shield)
rNeg     . . .     Spirit   .   w - +1 ring mail of Kacak {rF+ rC- Stlth+}
rPois    .         Reflect  .   p - +0 helmet
rElec    .         Harm     .   t - +1 cloak {rCorr}
rCorr    +         Rampage  .   (no gloves)
Will     .....                  u - +0 pair of boots
Stlth    ++........             (no amulet)
HPRegen  0.16/turn              d - +6 ring of intelligence
MPRegen  0.11/turn              i - ring of see invisible

@: cleaving
A: icemail 1, spiny 1, condensation shield, agile 1, mutation resistance 1,
strong 1, wild magic 1
a: Renounce Religion


You were on level 5 of the Dungeon.
You worshipped Xom.
You were Xom's teddy bear.
You visited 1 branch of the dungeon, and saw 5 of its levels.

You collected 183 gold pieces.

Inventory:

Hand Weapons
 a - a +1 falchion of chaos (weapon)
Armour
 p - a +0 helmet (worn)
 t - a +1 cloak of preservation (worn)
 u - a +0 pair of boots (worn)
 w - the +1 ring mail of Kacak (worn) {rF+ rC- Stlth+}
   (You found it on level 4 of the Dungeon)

   rF:        It protects you from fire.
   rC:        It makes you vulnerable to cold.
   Stlth:     It makes you more stealthy.
Jewellery
 b - a ring of magical power
 d - a +6 ring of intelligence (left hand)
 i - a ring of see invisible (right hand)
 j - a ring of positive energy
Wands
 n - a wand of iceblast (19)
 r - a wand of flame (42)
Scrolls
 g - a scroll of magic mapping {unknown}
 h - a scroll of amnesia {unknown}
 l - 3 scrolls of identify
 s - a scroll of summoning {unknown}
Potions
 c - 2 potions of brilliance {unknown}
 f - a potion of cancellation
 k - 3 potions of degeneration
 m - 2 potions of haste {unknown}
 o - a potion of heal wounds
 q - 2 potions of flight {unknown}
 v - a potion of curing {unknown}


   Skills:
 * Level 4.5 Fighting
 * Level 4.6 Long Blades
 * Level 2.5 Armour
 * Level 2.1 Dodging
 * Level 2.1 Stealth
 * Level 0.7 Shields
 * Level 1.6 Spellcasting
 * Level 0.5 Evocations


You had 8 spell levels left.
You didn't know any spells.
Your spell library contained the following spells:

 Spells                   Type           Power      Damage    Failure   Level
 Beastly Appendage        Tmut           4%         N/A       38%         1
 Wereblood                Tmut           2%         N/A       52%         2
 Spider Form              Tmut/Pois      1%         N/A       75%         3


Dungeon Overview and Level Annotations

Branches:
Dungeon (5/15)
 Temple: D:4-7

Altars:
Kikubaaqudgha

Shops:
D:1 ?


Innate Abilities, Weirdness & Mutations

A meltable icy envelope protects you from harm. (AC +4)
You are partially covered in sharp spines.
A meltable shield of frost defends you. (SH +4)
You are agile. (Dex +2)
You are somewhat resistant to further mutation.
Your muscles are strong. (Str +2)
Your spells are a little harder to cast, but a little more powerful.


Message History

You see here a +0 whip.
You closely miss the gnoll. The gnoll closely misses you.
You barely miss the gnoll. The gnoll is struck by your spines.
The gnoll closely misses you.
You riposte.
You closely miss the gnoll.
The gnoll is lightly wounded.
You hit the gnoll.
The gnoll is heavily wounded.
The gnoll hits you with a +0 flail.
You hit the gnoll.
The gnoll is severely wounded.
The gnoll hits you with a +0 flail!
You hit the gnoll. Lightning courses through the gnoll!!
You kill the gnoll!
You hit the two-headed ogre.
The two-headed ogre is poisoned.
The two-headed ogre is lightly wounded.
The two-headed ogre is struck by your spines.
The two-headed ogre hits you but does no damage.
The two-headed ogre hits you with a +0 giant club!!
* * * LOW HITPOINT WARNING * * *
You feel much better.
The two-headed ogre is struck by your spines.
The two-headed ogre hits you but does no damage.
The two-headed ogre hits you with a +0 giant club!
You hit the two-headed ogre but do no damage.
The two-headed ogre is moderately wounded.
The two-headed ogre barely misses you.
You riposte.
You hit the two-headed ogre.
The two-headed ogre is moderately wounded.
The two-headed ogre hits you with a +0 giant club.
You hit the two-headed ogre.
The two-headed ogre suddenly seems more agile.
The two-headed ogre is moderately wounded. "Go forth and destroy!"
Your +1 falchion of chaos looks sharp.
The two-headed ogre is struck by your spines.
The two-headed ogre hits you with a +0 dire flail!!
* * * LOW HITPOINT WARNING * * *
The two-headed ogre hits you with a +0 giant club!
You die...
Xom snickers!

..##..#
#.#.<#
#...#
##..#
#..#
##.##
#..#
#.#O#
..##@#
#......#
...######
###


You could see a two-headed ogre (agile, very poisoned).

Vanquished Creatures
  Menkaure (D:4)
  A bullfrog zombie (D:3)
  2 jellies (D:4)
  Crazy Yiuf (D:2)
  Natasha (thrice) (D:2)
  Robin (D:2)
  2 gnolls (D:5)
  5 adders
  A shadow imp (D:5)
  An adder skeleton (D:4)
  2 worms
  4 dart slugs
  5 endoplasms
  3 giant cockroaches
  13 goblins
  7 hobgoblins
  6 jackals
  8 kobolds
  A quokka (D:1)
  4 ball pythons
  6 bats
  3 frilled lizards
  4 rats
84 creatures vanquished.

Vanquished Creatures (others)
  2 fungi (D:2)
2 creatures vanquished.

Grand Total: 86 creatures vanquished

Notes
Turn   | Place    | Note
-------+----------+-------------------------------------------
     0 | D:1      | Ishikawa the Demonspawn Chaos Knight began the quest for
                  | the Orb.
     0 | D:1      | Reached XP level 1. HP: 18/18 MP: 1/1
   239 | D:1      | Found Ifirio's Magic Scroll Shop.
   252 | D:1      | XOM: silly message
   257 | D:1      | Gained mutation: A meltable shield of frost defends you.
                  | (SH +4) [demonic ancestry]
   257 | D:1      | Reached XP level 2. HP: 11/24 MP: 2/2
   257 | D:1      | XOM: potion effect (curing)
   331 | D:1      | XOM: noise
   910 | D:2      | Gained mutation: You are partially covered in sharp spines.
                  | [demonic ancestry]
   910 | D:2      | Reached XP level 3. HP: 25/30 MP: 3/3
   914 | D:2      | Found a faded altar of an unknown god.
  1100 | D:2      | Noticed Robin
  1114 | D:2      | Killed Robin
  1115 | D:2      | Reached skill level 1 in Dodging
  1367 | D:2      | Noticed Natasha
  1381 | D:2      | Killed Natasha
  1382 | D:2      | Gained mutation: A meltable icy envelope protects you from
                  | harm. (AC +4) [demonic ancestry]
  1382 | D:2      | Reached XP level 4. HP: 24/37 MP: 3/5
  1469 | D:2      | XOM: silly message
  1648 | D:2      | Noticed Natasha
  1653 | D:2      | Killed Natasha
  1654 | D:2      | Reached skill level 1 in Stealth
  1824 | D:2      | XOM: 4-stop teleportation journey
  1844 | D:2      | Noticed Natasha
  1848 | D:2      | XOM: summons 2 hostile shadow creatures
  1853 | D:2      | Killed Natasha
  1854 | D:2      | Reached skill level 1 in Spellcasting
  1854 | D:2      | Reached XP level 5. HP: 41/42 MP: 6/6
  1889 | D:2      | Found a runed translucent door.
  1890 | D:2      | Noticed Crazy Yiuf
  1899 | D:2      | Killed Crazy Yiuf
  2178 | D:3      | Found an ancient bone altar of Kikubaaqudgha.
  2629 | D:3      | XOM: give mutations
  2629 | D:3      | Gained mutation: You are agile. (Dex +2) [Xom's grace]
  2629 | D:3      | Gained mutation: Your spells are a little harder to cast,
                  | but a little more powerful. [Xom's grace]
  2629 | D:3      | Gained mutation: Your muscles are strong. (Str +2) [Xom's
                  | grace]
  2629 | D:3      | Gained mutation: You are somewhat resistant to further
                  | mutation. [Xom's grace]
  2739 | D:4      | Noticed Menkaure
  2746 | D:4      | Killed Menkaure
  2747 | D:4      | Reached XP level 6. HP: 38/49 MP: 6/8
  3180 | D:4      | XOM: 1-stop teleportation journey
  3301 | D:4      | XOM: 1-stop teleportation journey
  3576 | D:4      | XOM: polymorph goblin -> dart slug
  3629 | D:4      | Identified the +1 ring mail of Kacak {rF+ rC- Stlth+}
  3755 | D:4      | XOM: torment (26/49 hp)
  3803 | D:5      | Entered Level 5 of the Dungeon
  3889 | D:5      | Noticed a two-headed ogre
  3907 | D:5      | XOM: cleaving
  3907 | D:5      | Mangled by a two-headed ogre

Illustrated notes

Levels and vault maps discovered:
D:1:      dpeg_arrival_another_circle, layout_basic, serial_shops,
          nicolae_diamond_shop
D:2:      layout_loops_ring, shapermc_ecumenical_altar_venn,
          uniq_crazy_yiuf_cottage, uniq_natasha, uniq_robin
D:3:      layout_basic, mainiacjoe_overflow_alcove_1
D:4:      layout_basic, uniq_menkaure
D:5:      layout_loops_ring, mainiacjoe_overflow_catwalk_spiral,
          minmay_temple_entry_waves, serial_shops, shop, st_stairs_13,
          minmay_misc_feat_more_columns

Skill      XL: |  1  2  3  4  5  6 |
---------------+-------------------+-----
Armour         | 2 |  2.5
Long Blades    | 3 4 |  4.6
Dodging        | 1 2 |  2.1
Fighting       | 4 |  4.5
Stealth        | 1 2 |  2.1
Spellcasting   | 1 |  1.6
Shields        | |  0.7
Evocations     | |  0.5

Action                   |  1- 3 |  4- 6 || total
-------------------------+-------+-------++-------
Melee: Falchion          |   101 |   100 ||   201
  Use: Scroll            |       |     5 ||     5
       Potion            |       |     1 ||     1
 Stab: Paralysed         |       |     4 ||     4
Armor: Leather armour    |    36 |    22 ||    58
       Ring mail         |       |     6 ||     6
Dodge: Dodged            |    42 |    40 ||    82
Block: Other             |    16 |    19 ||    35
       Rpst.: Falchion   |    10 |     9 ||    19
